[Event "Titled Tuesday Blitz August 22 Late 2023"]
[White "Kashefi, Amir Hosein"]
[Black "Wieczorek, Oskar"]
[WhiteFideId "12557935"]
[BlackFideId "1133950"]
[WhiteElo "2554"]
[BlackElo "2753"]
[Result "1-0"]
[Round "4"]
[TimeControl "180+1"]
[Date "2023.08.22"]
[WhiteClock "0:00:04"]
[BlackClock "0:00:05"]
[Board "56"]

1. d4 Nf6 2. Nf3 g6 3. g3 Bg7 4. Bg2 O-O 5. O-O d6 6. b3 a5 7. c4 c6 8. Nbd2 a4 9. Bb2 Qa5 10. Qc2 Qh5 11. Rfe1 Bh3 12. Bc3 Nbd7 13. Nf1 d5 14. Ne3 e6 15. Bxh3 Qxh3 16. Ng2 Ne4 17. Nd2 Nxc3 18. Qxc3 c5 19. e3 cxd4 20. exd4 Qg4 21. Nf3 axb3 22. axb3 Rac8 23. Qd3 dxc4 24. bxc4 Nb6 25. Rac1 Rfd8 26. Nf4 Qf5 27. Qxf5 gxf5 28. d5 exd5 29. cxd5 Rxc1 30. Rxc1 Bh6 31. Rb1 Rd6 32. Nh5 Kf8 33. Nh4 f4 34. Nf5 Rxd5 35. Rxb6 f3 36. h4 Rd1+ 37. Kh2 Bd2 38. Rxb7 Ke8 39. Nf6+ Kd8 40. Rd7+ Kc8 41. Ne7+ Kb8 42. Nc6+ Kc8 43. Ne7+ Kb8 44. Rd3 Kc7 45. Ned5+ Kc6 46. Ne3 Re1 47. Rxd2 Kc5 48. Rd5+ Kc6 49. Ne4 Rxe3 50. Rd6+ Kc7 51. fxe3 1-0


[Site "https://www.chess.com"]

[Event "Titled Tuesday Blitz August 22 Late 2023"]
[White "Leiva, Gianmarco"]
[Black "reevecanada"]
[WhiteFideId "3804399"]
[WhiteElo "2746"]
[BlackElo "2553"]
[Result "1-0"]
[Round "4"]
[TimeControl "180+1"]
[Date "2023.08.22"]
[WhiteClock "0:00:10"]
[BlackClock "0:00:18"]
[Board "57"]

1. e4 c5 2. Nf3 d6 3. Bb5+ Bd7 4. a4 Nf6 5. Nc3 a6 6. Bc4 g6 7. O-O Bg7 8. e5 dxe5 9. Nxe5 O-O 10. Nxd7 Nbxd7 11. Re1 e5 12. d3 Nb6 13. Bb3 Qc7 14. a5 Nbd7 15. Qf3 Rfe8 16. Nd5 Nxd5 17. Bxd5 Nf6 18. Bxb7 Rab8 19. Be4 c4 20. dxc4 Qxc4 21. Bd3 Qb4 22. c3 Qd6 23. Qe2 Re6 24. Bc4 Re7 25. Be3 Ra8 26. Red1 Qc6 27. b4 Rc7 28. Bc5 Bf8 29. Bxf8 Qxc4 30. Qxe5 Qxc3 31. Bd6 Qxe5 32. Bxe5 Rc6 33. Bxf6 Rxf6 34. Rd7 Rb8 35. Rd4 Rb5 36. Rc1 Re6 37. g3 Re8 38. Rc6 Reb8 39. Rxa6 Rxb4 40. Rdd6 Rb1+ 41. Kg2 Re8 42. Rdb6 Ra1 43. Ra7 Rf8 44. Rbb7 Kg7 45. h4 h5 46. Rc7 Kf6 47. Rc3 Ke5 48. Rf3 f5 49. Ra6 Rg8 50. Re3+ Kd5 51. Ree6 g5 52. hxg5 Rxg5 53. Red6+ Kc5 54. Rh6 f4 55. Rag6 Rf5 56. Rf6 f3+ 57. Kh2 Re5 58. Rxf3 Rxa5 59. Rhf6 Kd4 60. R6f4+ Re4 61. Rxe4+ Kxe4 62. Rf4+ Kd3 63. Kg2 Re5 64. Kh3 Ke2 65. Kh4 Kf1 66. Rf8 Kg2 67. f4 Re7 68. f5 Kf3 69. f6 Rh7 70. f7 Rg7 71. Kxh5 Rxg3 72. Re8 Rh3+ 73. Kg5 Rg3+ 74. Kf5 Kg2 75. f8=Q Rf3+ 76. Ke6 Rh3 77. Kd7 Rg3 78. Kd8 Rd3+ 79. Kc7 Rc3+ 80. Kb6 Ra3 81. Qxa3 Kg1 82. Qf8 Kh1 83. Re7 Kg1 84. Rg7+ Kh1 85. Qh8# 1-0


[Site "https://www.chess.com"]

[Event "Titled Tuesday Blitz August 22 Late 2023"]
[White "Shapiro, Viktor"]
[Black "Amburgy, Ryan"]
[WhiteFideId "4175700"]
[BlackFideId "30924820"]
[WhiteElo "2552"]
[BlackElo "2745"]
[Result "0-1"]
[Round "4"]
[TimeControl "180+1"]
[Date "2023.08.22"]
[WhiteClock "0:00:05"]
[BlackClock "0:00:09"]
[Board "58"]

1. c4 e6 2. Nc3 d5 3. d4 Nf6 4. Nf3 Bb4 5. Bg5 h6 6. Bh4 dxc4 7. e3 b5 8. a4 c6 9. Nd2 Bb7 10. axb5 Bxc3 11. bxc3 cxb5 12. Qb1 Bc6 13. Be2 Nbd7 14. e4 a5 15. O-O Qc8 16. f4 Qb7 17. Bf3 O-O 18. g4 Nh7 19. Be7 Rfe8 20. Ba3 Ndf8 21. e5 Ng6 22. Bxc6 Qxc6 23. Qe4 Rec8 24. Bd6 Ra7 25. f5 Qxe4 26. Nxe4 Ngf8 27. Rfb1 b4 28. cxb4 a4 29. Bc5 Raa8 30. Nd6 Rcb8 31. Nxc4 Ng5 32. Kg2 Ne4 33. Nb6 Ra6 34. b5 Raxb6 35. Bxb6 Rxb6 36. Rxa4 Nc3 37. Ra6 Rb7 38. Rb3 Nd5 39. Kf3 g6 40. Ke4 gxf5+ 41. gxf5 Nc7 42. Ra5 Nd7 43. f6 Kh7 44. Kd3 Nb6 45. Rc3 Nbd5 46. Rc5 Kg6 47. Kc4 Kf5 48. Ra6 Ke4 49. Rac6 Na8 50. Rd6 Nab6+ 51. Kb3 Kxd4 52. Rcc6 Nd7 53. Ka4 Nc5+ 54. Ka5 Ra7+ 55. Ra6 Nxa6 56. bxa6 Kc5 57. Rd8 Nc7 58. Rd6 Nxa6 59. Rxa6 Rxa6+ 60. Kxa6 Kd5 61. Kb6 Kxe5 62. Kc7 Kxf6 63. Kd6 e5 0-1


[Site "https://www.chess.com"]

[Event "Titled Tuesday Blitz August 22 Late 2023"]
[White "HamedWafa4"]
[Black "Ghazarian, Kirk"]
[BlackFideId "30908604"]
[WhiteElo "2551"]
[BlackElo "2738"]
[Result "0-1"]
[Round "4"]
[TimeControl "180+1"]
[Date "2023.08.22"]
[WhiteClock "0:00:00"]
[BlackClock "0:00:08"]
[Board "59"]

1. e4 c5 2. Nf3 a6 3. c3 d5 4. exd5 Qxd5 5. d4 e6 6. Be3 Nd7 7. Nbd2 b6 8. Bc4 Qc6 9. O-O Bb7 10. Rc1 Ngf6 11. Re1 Be7 12. Nf1 O-O 13. Ng3 Rac8 14. h3 Rfd8 15. Bd3 h6 16. Qd2 Bf8 17. Bb1 cxd4 18. cxd4 Qd5 19. b3 Ba3 20. Rxc8 Rxc8 21. Bd3 b5 22. b4 Nb6 23. Rb1 Nc4 24. Qe2 Nxe3 25. fxe3 Qc6 26. Rb3 Qc7 27. Ne5 Bd5 28. Rb1 Qd6 29. Qe1 Qc7 30. e4 Bxa2 31. Ra1 Qc1 32. Qxc1 Rxc1+ 33. Rxc1 Bxc1 34. Nc6 Bc4 35. Bc2 Bd2 36. Kf2 Kf8 37. Nf1 Bc3 38. Ne3 Ba2 39. Nd1 Ba1 40. Ke2 Nd7 41. Kd3 Nb6 42. Ne3 Nc4 43. Nxc4 Bxc4+ 44. Ke3 Bc3 45. Bd3 Ba2 46. Nb8 Bxb4 47. Nxa6 Be1 48. Bxb5 Bh4 49. Bd3 Bb3 50. Nc5 Bd1 51. Nd7+ Kg8 52. Ne5 Ba4 53. Nf3 Be7 54. d5 exd5 55. exd5 Kf8 56. Ke4 Bd6 57. Ke3 Bd7 58. Be4 Ke7 59. Nd4 Kd8 60. Nf5 Be5 61. Nd4 h5 62. Nf3 Bc7 63. Nd4 Ke7 64. Bf5 Be8 65. Ke4 Kf6 66. Bc8 g6 67. g4 h4 68. Nf3 g5 69. Nd4 Ba4 70. Ba6 Bg3 71. Nf5 Bh2 72. Bf1 Bc2+ 73. Ke3 Bg1+ 74. Kf3 Bb3 75. d6 Ke6 76. Ba6 Bd5+ 77. Ke2 Bh2 78. Bc8+ Kf6 79. Ke3 Be6 80. Bxe6 fxe6 81. d7 Bc7 82. Nd4 Ke7 83. Nf3 Bf4+ 84. Ke4 Kxd7 85. Nd4 Kd6 86. Nf3 Bc1 87. Ne1 Bf4 88. Nf3 Bg3 89. Nd2 Ke7 90. Nf3 Bf4 91. Nd4 Kf6 92. Ne2 Bd2 93. Nd4 Bc3 94. Nf3 Kg6 95. Ng1 Bf6 96. Nf3 Kf7 97. Nd2 Ke7 98. Nf3 Kd6 99. Nd2 Kc5 100. Nf3 Kc4 101. Ke3 Kd5 102. Ne1 Be7 103. Nf3 Kc4 104. Ke4 Bf6 105. Nd2+ Kc3 106. Nf3 Kc2 107. Ke3 Kd1 108. Kd3 Be7 109. Nd4 Ke1 110. Nxe6 Kf2 111. Ke4 Kg3 112. Kf5 Kxh3 113. Nxg5+ Kg2 0-1


[Site "https://www.chess.com"]

[Event "Titled Tuesday Blitz August 22 Late 2023"]
[White "Haydon, David L"]
[Black "Roebers, Eline"]
[WhiteFideId "415405"]
[BlackFideId "1058401"]
[WhiteElo "2735"]
[BlackElo "2551"]
[Result "0-1"]
[Round "4"]
[TimeControl "180+1"]
[Date "2023.08.22"]
[WhiteClock "0:00:13"]
[BlackClock "0:00:08"]
[Board "60"]

1. d4 f5 2. Nc3 Nf6 3. Bf4 d5 4. e3 e6 5. Nf3 c5 6. Nb5 Na6 7. c4 cxd4 8. Qxd4 Bc5 9. Qd2 Ne4 10. Qc2 Bb4+ 11. Nc3 Qa5 12. Rc1 Qxa2 13. cxd5 Qxd5 14. Bxa6 bxa6 15. O-O Nxc3 16. bxc3 Be7 17. Rfd1 Qc5 18. Qa4+ Kf8 19. Ne5 Qb5 20. Qd4 Bb7 21. c4 Qe8 22. c5 Bd5 23. c6 Rc8 24. Qxa7 Rg8 25. Qxa6 g5 26. Bg3 f4 27. Rxd5 exd5 28. exf4 Bd6 29. Qd3 Bxe5 30. fxe5 Rxc6 31. Qa3+ Kg7 32. Qa7+ Kh8 33. Rd1 Qe6 34. Qd4 Rgc8 35. h3 Rc1 36. Rxc1 Rxc1+ 37. Kh2 Kg7 38. Qa7+ Kg6 39. Qe3 Rc7 40. Qd3+ Kg7 41. f3 h6 42. f4 Rf7 43. fxg5 hxg5 44. Qe3 Kg6 45. Qd3+ Kh6 46. Qd4 Rf5 47. Qe3 Kg6 48. Qd3 Kh6 49. Qd4 Rf7 50. Qc5 Rd7 51. Qf8+ Kg6 52. Qf3 d4 53. Qd3+ Qf5 54. Qa6+ Kg7 55. e6 Re7 56. Qd6 Rxe6 57. Qxd4+ Kg6 58. Qd8 Qf6 59. Qg8+ Kh6 60. Bc7 Qg6 61. Qh8+ Qh7 62. Qf8+ Qg7 63. Qf3 Qxc7+ 64. Kg1 Qc1+ 65. Kf2 Qf4 66. Qxf4 gxf4 67. Kf3 Kg5 68. h4+ Kf5 69. g4+ fxg3 70. Kxg3 Re3+ 71. Kf2 Ra3 72. Kg2 Kg4 73. Kf2 Kxh4 74. Ke2 Kg4 75. Kd2 Kf4 0-1


[Site "https://www.chess.com"]

[Event "Titled Tuesday Blitz August 22 Late 2023"]
[White "Akobian, Varuzhan"]
[Black "Nurgaliyeva, Zarina"]
[WhiteFideId "13300580"]
[BlackFideId "13730096"]
[WhiteElo "2732"]
[BlackElo "2545"]
[Result "1-0"]
[Round "4"]
[TimeControl "180+1"]
[Date "2023.08.22"]
[WhiteClock "0:00:15"]
[BlackClock "0:00:00"]
[Board "61"]

1. d4 Nf6 2. c4 e6 3. Nc3 Bb4 4. Qc2 d5 5. a3 Bxc3+ 6. Qxc3 c5 7. dxc5 d4 8. Qc2 e5 9. e4 a5 10. Nf3 Nc6 11. b3 O-O 12. Rb1 Bg4 13. Nd2 Qe7 14. b4 axb4 15. axb4 Ra7 16. Bd3 Rfa8 17. O-O Ra4 18. b5 Nb4 19. Qb3 Nxd3 20. Qxd3 Qxc5 21. f4 exf4 22. Rxf4 Be6 23. e5 Nd7 24. Qxd4 Qxd4+ 25. Rxd4 Nxe5 26. Bb2 Nxc4 27. Nxc4 Rxc4 28. Rxc4 Bxc4 29. b6 f6 30. Rc1 Bd5 31. Rc5 Bc6 32. Bd4 Ra2 33. Rxc6 bxc6 34. b7 Kf7 35. b8=Q 1-0


[Site "https://www.chess.com"]

[Event "Titled Tuesday Blitz August 22 Late 2023"]
[White "Jovic, Stanoje"]
[Black "Martinez Ramirez, Lennis"]
[WhiteFideId "905020"]
[BlackFideId "3509079"]
[WhiteElo "2538"]
[BlackElo "2732"]
[Result "0-1"]
[Round "4"]
[TimeControl "180+1"]
[Date "2023.08.22"]
[WhiteClock "0:00:00"]
[BlackClock "0:00:19"]
[Board "62"]

1. c4 d6 2. g3 e5 3. Bg2 f5 4. Nc3 Nf6 5. d3 Be7 6. Nf3 O-O 7. O-O a5 8. Rb1 Qe8 9. a3 c6 10. b4 axb4 11. axb4 Nbd7 12. Bd2 e4 13. Nd4 Ne5 14. Qc2 Qh5 15. dxe4 fxe4 16. Nxe4 Nxe4 17. Qxe4 Nxc4 18. Bf4 Qf7 19. Rfc1 d5 20. Qd3 Ra3 21. Rb3 Bxb4 22. e4 Rxb3 23. Qxb3 Bc5 24. exd5 cxd5 25. Nf3 h6 26. h4 Be6 27. Qb5 b6 28. Qc6 Rc8 29. Qb5 Ra8 30. Re1 Ra2 31. Be3 Nxe3 32. fxe3 Qg6 33. Kh2 Bf5 34. Ne5 Qe6 0-1


[Site "https://www.chess.com"]

[Event "Titled Tuesday Blitz August 22 Late 2023"]
[White "Kuzmicz, Krystian"]
[Black "Sivakumar, Shaaketh"]
[WhiteFideId "1119125"]
[BlackFideId "30940176"]
[WhiteElo "2730"]
[BlackElo "2535"]
[Result "1-0"]
[Round "4"]
[TimeControl "180+1"]
[Date "2023.08.22"]
[WhiteClock "0:00:17"]
[BlackClock "0:00:18"]
[Board "63"]

1. e4 e6 2. b3 d5 3. Bb2 Nf6 4. e5 Nfd7 5. Qg4 c5 6. f4 Nc6 7. Nf3 a6 8. Be2 b5 9. O-O d4 10. f5 Ndxe5 11. Nxe5 Nxe5 12. Qg3 Qc7 13. Na3 f6 14. c3 Bd6 15. cxd4 cxd4 16. Rac1 Qb6 17. Qxg7 Rf8 18. Bh5+ Kd8 19. Kh1 exf5 20. Nc2 Ra7 21. Qh6 Nc6 22. Nxd4 Nxd4 23. Rf4 Ne6 24. Bxf6+ Be7 25. Rxf5 Bxf6 26. Rxf6 Rxf6 27. Qxf6+ Re7 28. Qh8+ Kd7 29. Qxc8+ Kd6 30. Bf3 Nd4 31. Qa8 a5 32. Qd5# 1-0


[Site "https://www.chess.com"]

[Event "Titled Tuesday Blitz August 22 Late 2023"]
[White "Liyanage, Ranindu Dilshan"]
[Black "Estrada Nieto, Julian"]
[WhiteFideId "9915834"]
[BlackFideId "5101018"]
[WhiteElo "2728"]
[BlackElo "2534"]
[Result "1-0"]
[Round "4"]
[TimeControl "180+1"]
[Date "2023.08.22"]
[WhiteClock "0:00:24"]
[BlackClock "0:00:00"]
[Board "64"]

1. c4 e5 2. Nc3 Nf6 3. Nf3 Nc6 4. e4 Bb4 5. d3 d6 6. a3 Ba5 7. b4 Bb6 8. Na4 Bg4 9. Be3 Bd4 10. Rb1 a6 11. Be2 Bxf3 12. Bxf3 O-O 13. O-O b5 14. Nb2 Bxe3 15. fxe3 Ne7 16. Qc2 c6 17. Nd1 a5 18. Nc3 axb4 19. axb4 Qb6 20. Rfe1 Ra3 21. Rb2 h6 22. Ra2 Rfa8 23. Rb2 Ra1 24. Rbb1 Rxb1 25. Qxb1 Ng6 26. cxb5 cxb5 27. Kf2 Nh4 28. Qb3 Rc8 29. Rc1 Rc7 30. Qa2 g5 31. h3 Kg7 32. Qa5 Qxa5 33. bxa5 b4 34. Ne2 Ra7 35. Ra1 b3 36. Nc3 b2 37. Ra2 Nxf3 38. gxf3 Nd7 39. d4 Nb6 40. Ke2 Nc4 41. a6 Nb6 42. Kd3 Rc7 43. Rxb2 Nc4 44. Rb7 Rc6 45. a7 Ra6 46. Kxc4 Ra1 47. Kb3 Ra6 48. Nb5 Ra1 49. Rb8 Rb1+ 50. Kc4 Rc1+ 51. Kd5 Ra1 52. a8=Q Rxa8 53. Rxa8 g4 54. hxg4 h5 55. gxh5 Kh6 56. Nxd6 Kg5 57. Nxf7+ Kh4 58. Nxe5 Kg3 59. Nd3 Kxf3 60. e5 Ke2 61. Ke4 Kd2 62. Nf4 1-0


[Site "https://www.chess.com"]

[Event "Titled Tuesday Blitz August 22 Late 2023"]
[White "Koellner, Ruben Gideon"]
[Black "subham777"]
[WhiteFideId "12993093"]
[WhiteElo "2719"]
[BlackElo "2534"]
[Result "1/2-1/2"]
[Round "4"]
[TimeControl "180+1"]
[Date "2023.08.22"]
[WhiteClock "0:00:20"]
[BlackClock "0:00:23"]
[Board "65"]

1. d4 d5 2. Nf3 Nf6 3. Nbd2 Bf5 4. e3 e6 5. Ne5 Bd6 6. g4 Bg6 7. h4 h5 8. Nxg6 fxg6 9. g5 Nfd7 10. Bd3 Nf8 11. c4 Nbd7 12. Qc2 Kf7 13. c5 Be7 14. f4 c6 15. Nf3 a5 16. O-O Qe8 17. Bd2 Kg8 18. Rfb1 b5 19. cxb6 Nxb6 20. Ne5 c5 21. dxc5 Rc8 22. Nxg6 Bxc5 23. Nxf8 Bxe3+ 24. Bxe3 Rxc2 25. Bxc2 Qxf8 26. Bxb6 Qxf4 27. Bf2 Qg4+ 28. Kh1 Qf3+ 29. Kg1 Qg4+ 30. Kh1 Qf3+ 31. Kg1 Qg4+ 1/2-1/2


[Site "https://www.chess.com"]

[Event "Titled Tuesday Blitz August 22 Late 2023"]
[White "Preotu, Razvan"]
[Black "Fernandez, Nelson Wilfredo"]
[WhiteFideId "2613280"]
[BlackFideId "8401594"]
[WhiteElo "2719"]
[BlackElo "2533"]
[Result "1-0"]
[Round "4"]
[TimeControl "180+1"]
[Date "2023.08.22"]
[WhiteClock "0:00:07"]
[BlackClock "0:00:00"]
[Board "66"]

1. e4 c6 2. Nc3 d5 3. Nf3 dxe4 4. Nxe4 Nf6 5. Qe2 Nxe4 6. Qxe4 Nd7 7. d4 Nf6 8. Qd3 Bg4 9. Ne5 Bh5 10. c3 Bg6 11. Nxg6 hxg6 12. Qf3 e6 13. Bc4 Be7 14. g3 Rc8 15. h4 a5 16. a4 Qd7 17. Bg5 Nd5 18. Bd2 Nf6 19. Kf1 Qc7 20. Kg2 Qd7 21. Rae1 b5 22. Bb3 c5 23. axb5 Qxb5 24. c4 Qb6 25. d5 exd5 26. Ba4+ Kf8 27. cxd5 Qxb2 28. Bf4 Qb6 29. d6 Bxd6 30. Rb1 Qc7 31. Rb7 Bxf4 32. Rxc7 Bxc7 33. Qc6 Kg8 34. Bb3 a4 35. Ba2 Kh7 36. Bxf7 Rhf8 37. Be6 Ra8 38. Qxc7 a3 39. h5 gxh5 40. Bf5+ Kh8 41. Qxc5 a2 42. Qd4 Rfd8 43. Qc3 Rd5 44. Be6 Rd6 45. Bb3 Rb6 46. Bc2 Rba6 47. Ra1 Ra3 48. Qe5 1-0


[Site "https://www.chess.com"]

[Event "Titled Tuesday Blitz August 22 Late 2023"]
[White "Keleberda, Tymur"]
[Black "Jaracz, Pawel"]
[WhiteFideId "14174294"]
[BlackFideId "1102222"]
[WhiteElo "2533"]
[BlackElo "2716"]
[Result "0-1"]
[Round "4"]
[TimeControl "180+1"]
[Date "2023.08.22"]
[WhiteClock "0:00:03"]
[BlackClock "0:00:13"]
[Board "67"]

1. e4 e5 2. Nf3 Nc6 3. Bc4 Nf6 4. d4 exd4 5. e5 d5 6. Bb5 Ne4 7. Nxd4 Bd7 8. Bxc6 bxc6 9. O-O Bc5 10. f3 Ng5 11. Be3 O-O 12. f4 Ne4 13. Nd2 Nxd2 14. Qxd2 Bb6 15. Nb3 f6 16. Bc5 Re8 17. Qd4 fxe5 18. fxe5 Qg5 19. Rae1 Re6 20. a4 Rg6 21. Rf2 Bh3 22. g3 h5 23. a5 Bxc5 24. Nxc5 h4 25. Re3 Re8 26. Qf4 hxg3 27. hxg3 d4 28. Qxg5 Rxg5 29. Re4 Rxg3+ 30. Kh2 Re3 31. Rff4 Rxe5 32. Rxe5 Rxe5 33. b4 Bf5 34. Rxd4 Kf7 35. c4 g5 36. Rd8 g4 37. Kg3 Re3+ 38. Kg2 Kf6 39. Ra8 Kg5 40. Rxa7 Kf4 41. Rxc7 Re2+ 42. Kf1 Rc2 43. a6 g3 44. a7 Kf3 45. Ke1 g2 46. Rg7 Bg4 47. Kd1 Ra2 48. a8=Q Rxa8 49. Kd2 g1=Q 50. Nd3 Qe3+ 51. Kc3 Ra3+ 52. Kb2 Rxd3 53. Rf7+ Ke2 0-1


[Site "https://www.chess.com"]

[Event "Titled Tuesday Blitz August 22 Late 2023"]
[White "Makridis, Dimitrios"]
[Black "Ozkan, Taha"]
[WhiteFideId "25864475"]
[BlackFideId "34577173"]
[WhiteElo "2711"]
[BlackElo "2533"]
[Result "1-0"]
[Round "4"]
[TimeControl "180+1"]
[Date "2023.08.22"]
[WhiteClock "0:01:18"]
[BlackClock "0:01:38"]
[Board "68"]

1. e4 e6 2. d4 d5 3. Nc3 Bb4 4. e5 c5 5. a3 Bxc3+ 6. bxc3 Qc7 7. h4 Nc6 8. h5 h6 9. Qg4 f5 10. Qf4 Nge7 11. Bd2 Bd7 12. Nf3 O-O-O 13. dxc5 Na5 14. Bd3 Qxc5 15. Qb4 b6 16. Be3 Qc7 17. Qxe7 Qxc3+ 18. Ke2 Nc6 19. Qd6 Kb7 20. Rhb1 Ka8 21. Bd2 Nd4+ 22. Kd1 Qxd3 23. cxd3 Ba4+ 24. Ke1 Nc2+ 25. Kf1 Rxd6 26. exd6 Nxa1 27. Rxa1 Bb5 28. Ne5 Rd8 29. a4 Ba6 30. Bb4 Kb7 31. Rc1 Rc8 32. Rxc8 Kxc8 33. Ke2 Kd8 34. Ke3 Bb7 35. g4 fxg4 36. Nxg4 Bc6 37. a5 bxa5 38. Bxa5+ Kd7 39. Bb4 Bb5 40. Ne5+ Kd8 41. Kd4 Ba4 42. Kc5 Bd1 43. Ba5+ Kc8 44. d7+ Kb7 45. d8=Q Bxh5 46. Qc7+ Ka6 47. Kb4 Be8 48. Nc6 Bxc6 49. Qxc6# 1-0


[Site "https://www.chess.com"]

[Event "Titled Tuesday Blitz August 22 Late 2023"]
[White "Grossboss19"]
[Black "Lamaze, Simon"]
[BlackFideId "36069264"]
[WhiteElo "2530"]
[BlackElo "2707"]
[Result "1/2-1/2"]
[Round "4"]
[TimeControl "180+1"]
[Date "2023.08.22"]
[WhiteClock "0:00:08"]
[BlackClock "0:00:04"]
[Board "69"]

1. d4 d5 2. c4 e6 3. Nc3 Nf6 4. cxd5 exd5 5. Bg5 c6 6. e3 Bf5 7. Qf3 Bg6 8. Bxf6 Qxf6 9. Qxf6 gxf6 10. g3 Nd7 11. Nge2 Bd6 12. Nf4 Bxf4 13. gxf4 Bf5 14. Rg1 Ke7 15. Be2 Nb6 16. Kd2 Nc8 17. Bd3 Nd6 18. Bxf5 Nxf5 19. Rg4 h5 20. Rg2 Nh4 21. Rg3 Nf5 22. Rg2 a5 23. a3 a4 24. Rag1 h4 25. h3 Nd6 26. Kc2 b6 27. Rg4 Nf5 28. Re1 Kd6 29. Rd1 Rag8 30. Rdg1 Ra8 31. Rd1 b5 32. Na2 Nh6 33. Rg2 Rag8 34. Rdg1 Rxg2 35. Rxg2 Nf5 36. Nb4 Rc8 37. Kd3 Ke6 38. Na6 Nd6 39. f3 Nc4 40. Nc5+ Ke7 41. e4 dxe4+ 42. fxe4 f5 43. exf5 Kf6 44. Rg5 Nxb2+ 45. Kc3 Nd1+ 46. Kb4 Nf2 47. Rh5 Rd8 48. Kc3 Re8 49. Rxh4 Re3+ 50. Kb4 Rxh3 51. Rxh3 Nxh3 52. d5 cxd5 53. Kxb5 Nxf4 54. Nxa4 Kxf5 55. Nb2 Ke4 56. a4 Ne6 57. a5 Nd4+ 58. Kb6 Nf5 59. a6 Nd6 60. Kc6 Nc8 61. Kc7 Na7 62. Kb7 Nb5 63. Kc6 Na7+ 64. Kb6 Nc8+ 65. Kb7 Nd6+ 66. Kc6 Nc8 67. Kc7 Na7 68. Kb7 Nb5 69. Kb6 Nd6 70. Kc7 Nb5+ 71. Kb6 Nd6 1/2-1/2


[Site "https://www.chess.com"]

[Event "Titled Tuesday Blitz August 22 Late 2023"]
[White "Matinian, Nikita"]
[Black "Lawson, Eric"]
[WhiteFideId "24129100"]
[BlackFideId "2604116"]
[WhiteElo "2702"]
[BlackElo "2528"]
[Result "1-0"]
[Round "4"]
[TimeControl "180+1"]
[Date "2023.08.22"]
[WhiteClock "0:00:51"]
[BlackClock "0:00:02"]
[Board "70"]

1. e4 e5 2. Nf3 Nf6 3. Nxe5 d6 4. Nf3 Nxe4 5. Qe2 Qe7 6. d3 Nf6 7. Bg5 Qxe2+ 8. Bxe2 Nbd7 9. Nc3 c6 10. O-O-O h6 11. Bd2 Be7 12. Rde1 O-O 13. Bd1 Bd8 14. h3 a5 15. g4 a4 16. Nh4 d5 17. Nf5 Nc5 18. Ne7+ Kh7 19. Nxc8 Rxc8 20. f4 b5 21. g5 Nfd7 22. Bg4 b4 23. Nxa4 Nxa4 24. Bxd7 Rc7 25. Bf5+ g6 26. Bg4 c5 27. h4 h5 28. Bf3 d4 29. f5 Nb6 30. Rhf1 Be7 31. Be4 Bd6 32. fxg6+ fxg6 33. Rxf8 Bxf8 34. Rf1 Bg7 35. Bf4 Rf7 36. Rf3 Nd7 37. Bd6 Rxf3 38. Bxf3 Be5 39. Bxe5 Nxe5 40. Be2 Kg7 41. a4 bxa3 42. bxa3 Kf7 43. Kb2 Ke7 44. Kb3 Kd6 45. c3 Kc6 46. a4 Kb6 47. cxd4 cxd4 48. Kb4 Kc6 49. a5 Kc7 50. Kc5 Nc6 51. a6 Nb8 52. a7 Nd7+ 53. Kxd4 Kb7 54. Kd5 Kxa7 55. Ke6 Nc5+ 56. Kf6 Nb3 57. Kxg6 Nd4 58. Bxh5 1-0


[Site "https://www.chess.com"]

[Event "Titled Tuesday Blitz August 22 Late 2023"]
[White "Schnaider, Ilan"]
[Black "Lima, Kleyton Alcantara"]
[WhiteFideId "169013"]
[BlackFideId "22718397"]
[WhiteElo "2700"]
[BlackElo "2526"]
[Result "1-0"]
[Round "4"]
[TimeControl "180+1"]
[Date "2023.08.22"]
[WhiteClock "0:01:37"]
[BlackClock "0:01:22"]
[Board "71"]

1. e4 c5 2. Nf3 d6 3. d4 cxd4 4. Nxd4 Nf6 5. Nc3 a6 6. Be3 e5 7. Nb3 Be6 8. Qd2 Nbd7 9. h3 Rc8 10. O-O-O Be7 11. g4 Nb6 12. g5 Nfd7 13. f4 Qc7 14. f5 Bc4 15. Bxc4 Nxc4 16. Qf2 Nxb2 17. Nd5 Nxd1 18. Nxc7+ Rxc7 19. Rxd1 1-0


[Site "https://www.chess.com"]

[Event "Titled Tuesday Blitz August 22 Late 2023"]
[White "Krishnan, Varun"]
[Black "Radovic, Luka"]
[WhiteFideId "5054508"]
[BlackFideId "911569"]
[WhiteElo "2698"]
[BlackElo "2525"]
[Result "1-0"]
[Round "4"]
[TimeControl "180+1"]
[Date "2023.08.22"]
[WhiteClock "0:00:21"]
[BlackClock "0:00:00"]
[Board "72"]

1. d4 Nf6 2. c4 e6 3. Nc3 d5 4. cxd5 exd5 5. Bg5 Be7 6. e3 Nbd7 7. Bd3 O-O 8. Nge2 c6 9. O-O Re8 10. Qc2 Nf8 11. Rab1 g6 12. b4 Ne6 13. Bh4 Ng7 14. f3 Bf5 15. Bf2 Bxd3 16. Qxd3 Rc8 17. a4 a5 18. bxa5 c5 19. Rxb7 c4 20. Qc2 Qxa5 21. Rfb1 Nf5 22. R7b5 Qa8 23. Qa2 Bd6 24. a5 Nxe3 25. a6 Nf5 26. a7 Re7 27. Ra1 Rce8 28. Qa6 h5 29. h3 h4 30. Bxh4 Re6 31. Bxf6 Rxf6 32. Qb7 Rfe6 33. Rab1 Kg7 34. Rxd5 Bg3 35. Qxa8 Rxa8 36. Rxf5 1-0


[Site "https://www.chess.com"]

[Event "Titled Tuesday Blitz August 22 Late 2023"]
[White "Kourkoulos-Arditis, Stamatis"]
[Black "Kaplan, Avi Harrison"]
[WhiteFideId "4221990"]
[BlackFideId "30934559"]
[WhiteElo "2697"]
[BlackElo "2525"]
[Result "1-0"]
[Round "4"]
[TimeControl "180+1"]
[Date "2023.08.22"]
[WhiteClock "0:01:57"]
[BlackClock "0:00:05"]
[Board "73"]

1. d4 Nf6 2. Bf4 g6 3. e3 Bg7 4. h3 O-O 5. Nf3 b6 6. c3 Bb7 7. Nbd2 d6 8. Bd3 Nbd7 9. Bh2 a6 10. a4 c5 11. O-O Ra7 12. e4 Qa8 13. Re1 Rc8 14. e5 dxe5 15. dxe5 Nd5 16. Ng5 e6 17. Nc4 h6 18. Nxf7 Kxf7 19. Nd6+ Kg8 20. Bxg6 Rf8 21. Qg4 Nc7 22. Bc2 Rd8 23. Re3 Ne8 24. Qxe6+ Kh8 25. Nf7+ Kg8 26. Nxh6+ Kh8 27. Qg8# 1-0


[Site "https://www.chess.com"]

[Event "Titled Tuesday Blitz August 22 Late 2023"]
[White "Poltorak, Sebastian"]
[Black "Hjartarson, Johann"]
[WhiteFideId "1199498"]
[BlackFideId "2300044"]
[WhiteElo "2523"]
[BlackElo "2694"]
[Result "1-0"]
[Round "4"]
[TimeControl "180+1"]
[Date "2023.08.22"]
[WhiteClock "0:00:12"]
[BlackClock "0:00:19"]
[Board "74"]

1. e4 e5 2. Nc3 Nf6 3. g3 Bc5 4. Bg2 d6 5. h3 a6 6. Nge2 h5 7. d3 h4 8. g4 Nfd7 9. f4 Nc6 10. Nd5 Nd4 11. c3 Nxe2 12. Qxe2 c6 13. Nb4 Bxb4 14. cxb4 Qb6 15. a3 a5 16. Be3 Qb5 17. bxa5 Qxa5+ 18. b4 Qb5 19. d4 Qxe2+ 20. Kxe2 f6 21. Kd3 b6 22. Rhc1 exd4 23. Bxd4 c5 24. Bc3 Bb7 25. Ke3 Ke7 26. Rd1 Rhc8 27. Bf3 Bc6 28. Bb2 g5 29. Be2 b5 30. bxc5 dxc5 31. fxg5 fxg5 32. Rf1 c4 33. Rf5 c3 34. Bxc3 Ra4 35. Bb4+ Ke6 36. Rc1 Ne5 37. Rc5 Nd7 38. Rc1 Ne5 39. Rxg5 Nc4+ 40. Bxc4+ bxc4 41. Rxc4 Bd7 42. Rxc8 Bxc8 43. Ra5 Rxa5 44. Bxa5 Ke5 45. Bc7+ Ke6 46. Bd8 Bd7 47. Bxh4 1-0


[Site "https://www.chess.com"]

[Event "Titled Tuesday Blitz August 22 Late 2023"]
[White "Vovk, Orest"]
[Black "Cuenca Jimenez, Jose Fernando"]
[WhiteFideId "14113490"]
[BlackFideId "2255570"]
[WhiteElo "2522"]
[BlackElo "2691"]
[Result "1-0"]
[Round "4"]
[TimeControl "180+1"]
[Date "2023.08.22"]
[WhiteClock "0:00:05"]
[BlackClock "0:00:00"]
[Board "75"]

1. g4 d5 2. h3 e5 3. Bg2 c6 4. d4 exd4 5. Qxd4 Nf6 6. Nf3 Be7 7. c4 dxc4 8. Qxd8+ Bxd8 9. Na3 c3 10. bxc3 O-O 11. Nd4 Re8 12. e3 Ne4 13. Bb2 Na6 14. Nc4 Bc7 15. Nd2 Nac5 16. Bxe4 Nxe4 17. Nxe4 Rxe4 18. O-O-O Re8 19. c4 a5 20. Nf5 Bxf5 21. gxf5 Be5 22. Rd7 b5 23. cxb5 cxb5 24. Rd5 Bxb2+ 25. Kxb2 b4 26. Rc1 Ra7 27. Rcc5 Rea8 28. Kb3 h6 29. Ka4 Re7 30. Rxa5 Rc8 31. Kxb4 Kh7 32. Rac5 Rb8+ 33. Rb5 Re4+ 34. Rd4 Rxb5+ 35. Kxb5 Re5+ 36. Kb6 Rxf5 37. Rf4 Rd5 38. a4 Kg6 39. a5 Rd6+ 40. Kb7 Rd2 41. Ra4 Rxf2 42. a6 Rb2+ 43. Kc6 Rc2+ 44. Kd7 Rd2+ 45. Ke7 Rc2 46. a7 Rc8 47. a8=Q Rxa8 48. Rxa8 f6 49. Rg8 Kf5 50. Rxg7 Ke4 51. Kxf6 Kxe3 52. h4 Kf4 53. h5 Kf3 54. Rg6 1-0


[Site "https://www.chess.com"]